OTTAWA vs MONTREAL

Created - May 29, 2021 at 12:24

Goals
1 2 3 T
OTTAWA 0 2 1 3
MONTREAL 2 4 0 6
Shots
1 2 3 T
OTTAWA 3 8 8 19
MONTREAL 18 10 4 32

1st period

1. MONTREAL , Nathan MacKinnon 38 (Max Pacioretty 29, Keith Yandle 33) at 6:31
2. MONTREAL , Alex Iafallo 16 (Tony DeAngelo 23) at 14:42

Penalties :
Mark Borowiecki (OTT) for Tripping (Minor) at 2:29, Dmitry Kulikov (OTT) for Holding (Minor) at 7:09, Vince Dunn (OTT) for Holding (Minor) at 16:41

2nd period

3. OTTAWA , Jordan Eberle 25 (Vince Dunn 32, Ryan Suter 44) at 0:54 (PP)
4. MONTREAL , Phillip Danault 19 (P.K. Subban 32, Roope Hintz 18) at 1:22
5. OTTAWA , Jordan Eberle 26 (Yanni Gourde 27, Ryan Suter 45) at 2:00
6. MONTREAL , Vincent Trocheck 20 (Keith Yandle 34, Max Pacioretty 30) at 4:43
7. MONTREAL , Tony DeAngelo 11 (Nathan MacKinnon 36, Michael Grabner 14) at 8:13
8. MONTREAL , Max Pacioretty 20 (Vincent Trocheck 25, Connor Murphy 14) at 9:25

Penalties :
P.K. Subban (MON) for High sticking (Minor) at 0:29, P.K. Subban (MON) for Fighting (Major) at 13:46, Jujhar Khaira (OTT) for Fighting (Major) at 13:46

3rd period

9. OTTAWA , Greg Pateryn 3 (Conor Garland 25, Dmitry Kulikov 21) at 11:11

Penalties :
Vincent Trocheck (MON) for Boarding (Minor) at 0:05

Goalie Stats

Laurent Brossoit (OTT), 26 saves from 32 shots - (0.813), L, 12-16-1, 60:00 minutes
Robin Lehner (MON), 16 saves from 19 shots - (0.842), W, 31-27-5, 60:00 minutes

Players Stats for OTTAWA

Player Name              G  A  P  +/- PIM S  H  SB GA TA FO     MP     PP MP  PK MP  
------------------------------------------------------------------------------------
Andreas Johnsson         0  0  0  -2  0   0  0  0  0  0  0/1    16:13   0:43   0:00 
Conor Garland            0  1  1  -2  0   2  0  0  0  0  1/2    15:30   0:00   0:00 
Dmitry Kulikov           0  1  1  -1  2   0  1  2  0  0  0/0    16:39   0:00   1:36 
Garnet Hathaway          0  0  0  -2  0   0  5  0  0  0  11/24  17:22   0:00   2:44 
Greg Pateryn             1  0  1  -1  0   1  1  1  0  0  0/0    17:57   0:00   2:53 
Jordan Eberle            2  0  2  -2  0   6  0  0  0  0  0/1    19:45   1:41   3:26 
Jujhar Khaira            0  0  0   0  5   0  0  1  0  0  2/2     7:22   0:00   0:46 
Kyle Okposo              0  0  0   0  0   0  0  0  0  0  0/0    15:37   0:43   0:04 
Marcus Johansson         0  0  0   0  0   1  0  0  0  0  12/21  16:12   1:41   0:00 
Mark Borowiecki          0  0  0  -3  2   0  3  0  0  0  0/0    20:05   0:43   1:28 
Michael Raffl            0  0  0   0  0   1  1  0  0  0  0/1    14:31   0:00   0:00 
Michael Rasmussen        0  0  0   0  0   0  2  0  0  0  4/8     7:00   0:00   0:00 
Michal Kempny            0  0  0   0  0   0  1  0  0  0  0/0    21:57   0:43   2:37 
Nikita Gusev             0  0  0   0  0   3  0  0  0  0  1/2     9:27   0:00   2:27 
Oskar Sundqvist          0  0  0  -2  0   2  2  0  0  0  6/20   16:13   0:43   0:00 
Ryan Suter               0  2  2  -3  0   1  0  1  0  0  0/0    22:59   1:41   3:20 
Vince Dunn               0  1  1   0  2   0  1  1  0  0  0/0    20:20   1:41   0:00 
Yanni Gourde             0  1  1  -2  0   2  1  0  0  0  0/1    18:50   1:41   2:27 

Players Stats for MONTREAL

Player Name              G  A  P  +/- PIM S  H  SB GA TA FO     MP     PP MP  PK MP  
------------------------------------------------------------------------------------
Adam Larsson             0  0  0  -1  0   1  1  0  0  0  0/0    22:04   2:21   1:23 
Alex Iafallo             1  0  1   0  0   1  3  0  0  0  0/2    15:14   0:00   0:00 
Brock McGinn             0  0  0   1  0   0  1  0  0  0  1/1     4:09   0:00   0:05 
Connor Murphy            0  1  1  -1  0   1  5  0  0  0  0/0    22:02   2:21   1:23 
Jacob de La Rose         0  0  0   0  0   0  0  0  0  0  0/0     0:00   0:00   0:00 
Joel Armia               0  0  0   0  0   4  1  0  0  0  0/1    15:14   0:00   0:00 
Keith Yandle             0  2  2   3  0   2  0  0  0  0  0/0    22:58   3:36   1:01 
Kiefer Sherwood          0  0  0   0  0   0  0  0  0  0  0/0     1:32   0:00   0:42 
Mark Jankowski           0  0  0   0  0   1  0  0  0  0  12/17  15:14   0:00   0:00 
Max Pacioretty           1  2  3   3  0   3  2  0  0  0  0/1    20:23   3:36   1:37 
Michael Grabner          0  1  1   1  0   1  0  0  0  0  0/0     4:04   0:00   0:00 
Nathan Beaulieu          0  0  0   2  0   0  1  0  0  0  0/0    16:01   0:00   0:00 
Nathan MacKinnon         1  1  2   4  0   6  0  0  0  0  19/34  23:58   3:36   1:37 
Nino Niederreiter        0  0  0   0  0   1  0  0  0  0  1/1    19:32   2:21   0:00 
P.K. Subban              0  1  1   3  7   0  5  3  0  0  0/0    20:21   3:36   1:01 
Phillip Danault          1  0  1   0  0   3  2  0  0  0  11/24  20:19   2:21   0:47 
Roope Hintz              0  1  1   0  0   2  1  0  0  0  1/1    19:32   2:21   0:00 
Sonny Milano             0  0  0   0  0   0  0  0  0  0  0/0     0:29   0:00   0:00 
Tony DeAngelo            1  1  2   2  0   2  2  0  0  0  0/0    15:42   0:00   0:00 
Vincent Trocheck         1  1  2   3  2   4  1  0  0  0  1/1    18:45   3:36   0:00 

3 Stars

1 - Max Pacioretty (MON)
2 - Nathan MacKinnon (MON)
3 - Tony DeAngelo (MON)

Power Play

OTTAWA - 1 on 2 Attempt(s) - 50.00%
MONTREAL - 0 on 3 Attempt(s) - 0.00%

Penalty Kill

OTTAWA - 3 on 3 Attempt(s) - 100.00% - Score 0 goal in Penalty Kill
MONTREAL - 1 on 2 Attempt(s) - 50.00% - Score 0 goal in Penalty Kill

Team Stat

OTTAWA - Hits : 18 - Faceoff Wins : 37 - Blocked Shots : 6 - Penalty Minutes : 11
MONTREAL - Hits : 25 - Faceoff Wins : 46 - Blocked Shots : 3 - Penalty Minutes : 9

Official

Referees : Justin St. Pierre and Kevin Pollock
Linesman : Jonny Murray and Kiel Murchison

Game Notes

P.K. Subban beats up Jujhar Khaira at 13:46 of 2nd period

Finance

Level 1 -- Attendance: 4701 (78.35%) -- Ticket Income $470,100
Level 2 -- Attendance: 3887 (77.74%) -- Ticket Income $233,220
Level 3 -- Attendance: 2000 (100.00%) -- Ticket Income $70,000
Level 4 -- Attendance: 3622 (90.55%) -- Ticket Income $72,440
Luxury Box -- Attendance: 785 (78.50%) -- Ticket Income $157,000
Game was played at the Bell Centre.
Total Attendance: 14995 (83.31%)
Total Ticket Income: $1,002,760
Total Income: $1,002,760

OTTAWA

5 vs 5 Forward 
   Center                   Left Wing                Right Wing               Time % Phy DF OF 
 1 Garnet Hathaway          Yanni Gourde             Jordan Eberle            35     0   1  4  
 2 Oskar Sundqvist          Andreas Johnsson         Conor Garland            30     1   2  2  
 3 Marcus Johansson         Michael Raffl            Kyle Okposo              25     1   3  1  
 4 Michael Rasmussen        Jujhar Khaira            Nikita Gusev             10     2   2  1  

5 vs 5 Defense 
   Defense                  Defense                                           Time % Phy DF OF 
 1 Ryan Suter               Mark Borowiecki                                   35     1   1  3  
 2 Michal Kempny            Vince Dunn                                        30     1   2  2  
 3 Greg Pateryn             Dmitry Kulikov                                    25     1   3  1  
 4 Ryan Suter               Mark Borowiecki                                   10     2   2  1  

PowerPlay Forward 
   Center                   Left Wing                Right Wing               Time % Phy DF OF 
 1 Marcus Johansson         Yanni Gourde             Jordan Eberle            60     0   1  4  
 2 Oskar Sundqvist          Andreas Johnsson         Kyle Okposo              40     0   2  3  

PowerPlay Defense
   Defense                  Defense                                           Time % Phy DF OF 
 1 Vince Dunn               Ryan Suter                                        60     0   1  4  
 2 Mark Borowiecki          Michal Kempny                                     40     0   2  3  

Penalty Kill 4 Players Forward 
   Center                   Wing                     Time % Phy DF OF 
 1 Garnet Hathaway          Jordan Eberle            60     1   3  1  
 2 Nikita Gusev             Yanni Gourde             40     1   4  0  

Penalty Kill 4 Players Defense
   Defense                  Defense                  Time % Phy DF OF 
 1 Ryan Suter               Greg Pateryn             60     1   3  1  
 2 Mark Borowiecki          Michal Kempny            40     1   4  0  

Penalty Kill - 3 Players Forward 
   Forward                                           Time % Phy DF OF 
 1 Oskar Sundqvist                                   60     0   4  1  
 2 Garnet Hathaway                                   40     2   3  0  

Penalty Kill - 3 Players Defense
   Defense                  Defense                  Time % Phy DF OF 
 1 Ryan Suter               Greg Pateryn             60     0   4  1  
 2 Michal Kempny            Mark Borowiecki          40     2   3  0  

4 vs 4 Forward 
   Center                   Wing                     Time % Phy DF OF 
 1 Oskar Sundqvist          Yanni Gourde             60     1   2  2  
 2 Garnet Hathaway          Kyle Okposo              40     1   2  2  

4 vs 4 Defense
   Defense                  Defense                  Time % Phy DF OF 
 1 Ryan Suter               Vince Dunn               60     1   2  2  
 2 Mark Borowiecki          Michal Kempny            40     1   2  2  

Last Minutes Offensive
   Center                   Left Wing                Right Wing               Defense                  Defense                  
   Marcus Johansson         Yanni Gourde             Jordan Eberle            Ryan Suter               Vince Dunn               

Last Minutes Defensive
   Center                   Left Wing                Right Wing               Defense                  Defense                  
   Oskar Sundqvist          Yanni Gourde             Jordan Eberle            Ryan Suter               Mark Borowiecki          

Goaltenders
Starting : Laurent Brossoit         
Backup : Pekka Rinne              

Extra Forwards
Normal : Yanni Gourde, Oskar Sundqvist, Garnet Hathaway - PP : Kyle Okposo, Conor Garland - PK : Jordan Eberle
Extra Defensemen
Normal : Ryan Suter, Greg Pateryn, Mark Borowiecki - PP : Michal Kempny - PK : Dmitry Kulikov, Vince Dunn
Penalty Shots
Michael Rasmussen, Jordan Eberle, Kyle Okposo, Yanni Gourde, Conor Garland

Scratches
OTT Cap Hit (Suspend), Dominik Simon (Healthy), Joakim Nygard (Healthy), Brandon Pirri (Healthy)

MONTREAL

5 vs 5 Forward 
   Center                   Left Wing                Right Wing               Time % Phy DF OF 
 1 Nathan MacKinnon         Max Pacioretty           Vincent Trocheck         35     1   2  2  
 2 Phillip Danault          Roope Hintz              Nino Niederreiter        30     1   2  2  
 3 Mark Jankowski           Alex Iafallo             Joel Armia               25     1   2  2  
 4 Nathan MacKinnon         Brock McGinn             Michael Grabner          10     1   2  2  

5 vs 5 Defense 
   Defense                  Defense                                           Time % Phy DF OF 
 1 Keith Yandle             P.K. Subban                                       35     1   2  2  
 2 Connor Murphy            Adam Larsson                                      30     1   2  2  
 3 Tony DeAngelo            Nathan Beaulieu                                   25     1   2  2  
 4 Keith Yandle             P.K. Subban                                       10     1   2  2  

PowerPlay Forward 
   Center                   Left Wing                Right Wing               Time % Phy DF OF 
 1 Nathan MacKinnon         Max Pacioretty           Vincent Trocheck         60     1   2  2  
 2 Phillip Danault          Roope Hintz              Nino Niederreiter        40     1   2  2  

PowerPlay Defense
   Defense                  Defense                                           Time % Phy DF OF 
 1 Keith Yandle             P.K. Subban                                       60     1   2  2  
 2 Connor Murphy            Adam Larsson                                      40     1   2  2  

Penalty Kill 4 Players Forward 
   Center                   Wing                     Time % Phy DF OF 
 1 Nathan MacKinnon         Max Pacioretty           60     1   2  2  
 2 Vincent Trocheck         Phillip Danault          40     1   2  2  

Penalty Kill 4 Players Defense
   Defense                  Defense                  Time % Phy DF OF 
 1 Keith Yandle             P.K. Subban              60     1   2  2  
 2 Connor Murphy            Adam Larsson             40     1   2  2  

Penalty Kill - 3 Players Forward 
   Forward                                           Time % Phy DF OF 
 1 Nathan MacKinnon                                  60     1   2  2  
 2 Max Pacioretty                                    40     1   2  2  

Penalty Kill - 3 Players Defense
   Defense                  Defense                  Time % Phy DF OF 
 1 Keith Yandle             P.K. Subban              60     1   2  2  
 2 Connor Murphy            Adam Larsson             40     1   2  2  

4 vs 4 Forward 
   Center                   Wing                     Time % Phy DF OF 
 1 Nathan MacKinnon         Max Pacioretty           60     1   2  2  
 2 Vincent Trocheck         Phillip Danault          40     1   2  2  

4 vs 4 Defense
   Defense                  Defense                  Time % Phy DF OF 
 1 Keith Yandle             P.K. Subban              60     1   2  2  
 2 Connor Murphy            Adam Larsson             40     1   2  2  

Last Minutes Offensive
   Center                   Left Wing                Right Wing               Defense                  Defense                  
   Nathan MacKinnon         Max Pacioretty           Vincent Trocheck         Keith Yandle             P.K. Subban              

Last Minutes Defensive
   Center                   Left Wing                Right Wing               Defense                  Defense                  
   Nathan MacKinnon         Max Pacioretty           Vincent Trocheck         Keith Yandle             P.K. Subban              

Goaltenders
Starting : Robin Lehner             
Backup : Anton Khudobin           

Extra Forwards
Normal : Sonny Milano, Jacob de La Rose, Kiefer Sherwood - PP : Sonny Milano, Jacob de La Rose - PK : Kiefer Sherwood
Extra Defensemen
Normal : Tony DeAngelo, Nathan Beaulieu, Connor Murphy - PP : Tony DeAngelo - PK : Nathan Beaulieu, Connor Murphy
Penalty Shots
Nathan MacKinnon, Max Pacioretty, Vincent Trocheck, Phillip Danault, Roope Hintz

Scratches
Corey Perry (Left Hand Injury), MTL Cap Hit (Suspend)

% Time on Ice - OTTAWA

Lines # - Real PCT - Wanted PCT - Time Play
Normal Forward
1 - 28% - 35% - 14:38
2 - 30% - 30% - 15:30
3 - 28% - 25% - 14:31
4 - 14% - 10% - 7:00
Normal Defense
1 - 31% - 35% - 16:15
2 - 36% - 30% - 18:40
3 - 29% - 25% - 15:04
4 - 3% - 10% - 1:40
PP Forward
1 - 70% - 60% - 1:41
2 - 30% - 40% - 0:43
PP Defense
1 - 70% - 60% - 1:41
2 - 30% - 40% - 0:43
PK Forward
1 - 59% - 60% - 3:30
2 - 41% - 40% - 2:27
PK Defense
1 - 56% - 60% - 3:20
2 - 44% - 40% - 2:37
PK3 Forward
1 - 0% - 60%
2 - 0% - 40%
PK3 Defense
1 - 0% - 60%
2 - 0% - 40%
44 Forward
1 - 0% - 60%
2 - 0% - 40%
44 Defense
1 - 0% - 60%
2 - 0% - 40%
Last Minute Offensive  - 0:00
Last Minute Defensive  - 0:00
Total
Forward - 60:00
Defense - 60:00

% Time on Ice - MONTREAL

Lines # - Real PCT - Wanted PCT - Time Play
Normal Forward
1 - 29% - 35% - 15:10
2 - 33% - 30% - 17:11
3 - 29% - 25% - 15:14
4 - 8% - 10% - 4:04
Normal Defense
1 - 32% - 35% - 16:42
2 - 35% - 30% - 18:20
3 - 29% - 25% - 14:58
4 - 3% - 10% - 1:39
PP Forward
1 - 61% - 60% - 3:36
2 - 39% - 40% - 2:21
PP Defense
1 - 61% - 60% - 3:36
2 - 39% - 40% - 2:21
PK Forward
1 - 71% - 60% - 1:42
2 - 29% - 40% - 0:42
PK Defense
1 - 42% - 60% - 1:01
2 - 58% - 40% - 1:23
PK3 Forward
1 - 0% - 60%
2 - 0% - 40%
PK3 Defense
1 - 0% - 60%
2 - 0% - 40%
44 Forward
1 - 0% - 60%
2 - 0% - 40%
44 Defense
1 - 0% - 60%
2 - 0% - 40%
Last Minute Offensive  - 0:00
Last Minute Defensive  - 0:00
Total
Forward - 60:00
Defense - 60:00

Play-by-Play

1st period


0:01 of 1st period - Garnet Hathaway wins face-off versus Nathan MacKinnon in neutral zone.
0:16 of 1st period - Shot by Jordan Eberle.
0:16 of 1st period - Stopped by Robin Lehner without a rebound.
0:17 of 1st period - Phillip Danault wins face-off versus Oskar Sundqvist in MONTREAL zone.
0:27 of 1st period - Off-side.
0:28 of 1st period - Marcus Johansson wins face-off versus Mark Jankowski in neutral zone.
1:01 of 1st period - Shot by Joel Armia.
1:01 of 1st period - Stopped by Laurent Brossoit without a rebound.
1:02 of 1st period - Oskar Sundqvist wins face-off versus Phillip Danault in OTTAWA zone.
1:40 of 1st period - Roope Hintz is hit by Vince Dunn and loses puck.
2:29 of 1st period - Minor Penalty to Mark Borowiecki for Tripping.
2:30 of 1st period - Garnet Hathaway wins face-off versus Nathan MacKinnon in OTTAWA zone.
2:36 of 1st period - Icing by Nathan MacKinnon.
2:37 of 1st period - Nathan MacKinnon wins face-off versus Jordan Eberle in MONTREAL zone.
2:37 of 1st period - Nathan MacKinnon is hit by Garnet Hathaway.
3:17 of 1st period - Shot by Keith Yandle.
3:17 of 1st period - Shot Misses the Net.
3:47 of 1st period - Shot by Connor Murphy.
3:47 of 1st period - Stopped by Laurent Brossoit without a rebound.
3:48 of 1st period - Jujhar Khaira wins face-off versus Nathan MacKinnon in OTTAWA zone.
3:56 of 1st period - Off-side.
3:57 of 1st period - Garnet Hathaway wins face-off versus Nathan MacKinnon in neutral zone.
4:49 of 1st period - Marcus Johansson is hit by Nathan Beaulieu and loses puck.
5:06 of 1st period - Shot by Kyle Okposo.
5:06 of 1st period - Deflect By Marcus Johansson.
5:06 of 1st period - Stopped by Robin Lehner without a rebound.
5:07 of 1st period - Phillip Danault wins face-off versus Oskar Sundqvist in MONTREAL zone.
5:34 of 1st period - Icing by Roope Hintz.
5:35 of 1st period - Michael Rasmussen wins face-off versus Phillip Danault in MONTREAL zone.
6:18 of 1st period - Shot by Nathan MacKinnon.
6:18 of 1st period - Shot Misses the Net.
6:20 of 1st period - Shot by Keith Yandle.
6:20 of 1st period - Stopped by Laurent Brossoit with a rebound.
6:22 of 1st period - Shot by Keith Yandle.
6:22 of 1st period - Stopped by Laurent Brossoit without a rebound.
6:23 of 1st period - Garnet Hathaway wins face-off versus Mark Jankowski in OTTAWA zone.
6:25 of 1st period - Icing by Jordan Eberle.
6:26 of 1st period - Vincent Trocheck wins face-off versus Garnet Hathaway in OTTAWA zone.
6:31 of 1st period - Shot by Nathan MacKinnon.
6:31 of 1st period - Goal by Nathan MacKinnon - OTTAWA : 0 - MONTREAL : 1.
6:32 of 1st period - Nathan MacKinnon wins face-off versus Garnet Hathaway in neutral zone.
6:42 of 1st period - Nathan MacKinnon is hit by Mark Borowiecki.
6:52 of 1st period - Shot by Max Pacioretty.
6:52 of 1st period - Stopped by Laurent Brossoit without a rebound.
6:53 of 1st period - Mark Jankowski wins face-off versus Oskar Sundqvist in OTTAWA zone.
7:09 of 1st period - Minor Penalty to Dmitry Kulikov for Holding.
7:10 of 1st period - Garnet Hathaway wins face-off versus Nathan MacKinnon in OTTAWA zone.
7:10 of 1st period - Garnet Hathaway is hit by Max Pacioretty.
8:28 of 1st period - Shot by Nino Niederreiter.
8:28 of 1st period - Deflect By Roope Hintz.
8:28 of 1st period - Shot Misses the Net.
8:30 of 1st period - Shot by Adam Larsson.
8:30 of 1st period - Shot Misses the Net.
8:32 of 1st period - Shot by Adam Larsson.
8:32 of 1st period - Stopped by Laurent Brossoit with a rebound.
8:34 of 1st period - Shot by Adam Larsson.
8:34 of 1st period - Shot Misses the Net.
8:36 of 1st period - Shot by Connor Murphy.
8:36 of 1st period - Shot Misses the Net.
9:16 of 1st period - Shot by Mark Jankowski.
9:16 of 1st period - Stopped by Laurent Brossoit without a rebound.
9:17 of 1st period - Mark Jankowski wins face-off versus Oskar Sundqvist in OTTAWA zone.
9:42 of 1st period - Shot by Joel Armia.
9:42 of 1st period - Stopped by Laurent Brossoit without a rebound.
9:43 of 1st period - Phillip Danault wins face-off versus Marcus Johansson in OTTAWA zone.
9:48 of 1st period - Shot by Phillip Danault.
9:48 of 1st period - Shot Misses the Net.
11:07 of 1st period - Shot by Vincent Trocheck.
11:07 of 1st period - Shot Misses the Net.
11:09 of 1st period - Shot by Nathan MacKinnon.
11:09 of 1st period - Stopped by Laurent Brossoit without a rebound.
11:10 of 1st period - Mark Jankowski wins face-off versus Garnet Hathaway in OTTAWA zone.
11:27 of 1st period - Shot by Jordan Eberle.
11:27 of 1st period - Shot Misses the Net.
11:42 of 1st period - Icing by Michal Kempny.
11:43 of 1st period - Garnet Hathaway wins face-off versus Nathan MacKinnon in OTTAWA zone.
11:53 of 1st period - Shot by Vincent Trocheck.
11:53 of 1st period - Stopped by Laurent Brossoit with a rebound.
12:21 of 1st period - Shot by Keith Yandle.
12:21 of 1st period - Deflect By Max Pacioretty.
12:21 of 1st period - Stopped by Laurent Brossoit without a rebound.
12:22 of 1st period - Oskar Sundqvist wins face-off versus Alex Iafallo in OTTAWA zone.
12:22 of 1st period - Conor Garland is hit by Alex Iafallo and loses puck.
12:53 of 1st period - Shot by Oskar Sundqvist.
12:53 of 1st period - Shot Misses the Net.
12:55 of 1st period - Shot by Oskar Sundqvist.
12:55 of 1st period - Stopped by Robin Lehner without a rebound.
12:56 of 1st period - Marcus Johansson wins face-off versus Phillip Danault in MONTREAL zone.
13:24 of 1st period - Icing by Michael Raffl.
13:25 of 1st period - Marcus Johansson wins face-off versus Nathan MacKinnon in OTTAWA zone.
13:36 of 1st period - Icing by Nathan MacKinnon.
13:37 of 1st period - Nathan MacKinnon wins face-off versus Garnet Hathaway in MONTREAL zone.
14:06 of 1st period - Shot by Vincent Trocheck.
14:06 of 1st period - Shot Misses the Net.
14:42 of 1st period - Shot by Alex Iafallo.
14:42 of 1st period - Goal by Alex Iafallo - OTTAWA : 0 - MONTREAL : 2.
14:43 of 1st period - Phillip Danault wins face-off versus Oskar Sundqvist in neutral zone.
15:00 of 1st period - Shot by Roope Hintz.
15:00 of 1st period - Stopped by Laurent Brossoit without a rebound.
15:01 of 1st period - Mark Jankowski wins face-off versus Marcus Johansson in OTTAWA zone.
15:35 of 1st period - Shot by Nathan Beaulieu.
15:35 of 1st period - Shot Misses the Net.
15:37 of 1st period - Shot by Mark Jankowski.
15:37 of 1st period - Shot Blocked by Dmitry Kulikov.
15:39 of 1st period - Shot by Nathan Beaulieu.
15:39 of 1st period - Shot Misses the Net.
16:07 of 1st period - Shot by Nathan MacKinnon.
16:07 of 1st period - Shot Misses the Net.
16:13 of 1st period - Max Pacioretty is hit by Oskar Sundqvist and loses puck.
16:41 of 1st period - Minor Penalty to Vince Dunn for Holding.
16:42 of 1st period - Nino Niederreiter wins face-off versus Garnet Hathaway in OTTAWA zone.
16:47 of 1st period - Shot by Nino Niederreiter.
16:47 of 1st period - Deflect By Roope Hintz.
16:47 of 1st period - Shot Misses the Net.
17:02 of 1st period - Roope Hintz is hit by Greg Pateryn and loses puck.
17:11 of 1st period - Shot by Nino Niederreiter.
17:11 of 1st period - Stopped by Laurent Brossoit with a rebound.
17:39 of 1st period - Shot by Vincent Trocheck.
17:39 of 1st period - Stopped by Laurent Brossoit without a rebound.
17:40 of 1st period - Nikita Gusev wins face-off versus Nathan MacKinnon in OTTAWA zone.
17:48 of 1st period - P.K. Subban is hit by Yanni Gourde and loses puck.
18:43 of 1st period - Shot by Phillip Danault.
18:43 of 1st period - Stopped by Laurent Brossoit without a rebound.
18:44 of 1st period - Oskar Sundqvist wins face-off versus Mark Jankowski in OTTAWA zone.
18:44 of 1st period - Oskar Sundqvist is hit by Joel Armia.
18:59 of 1st period - Icing by Mark Jankowski.
19:00 of 1st period - Mark Jankowski wins face-off versus Michael Rasmussen in MONTREAL zone.
19:00 of 1st period - Mark Jankowski is hit by Michael Rasmussen.
19:16 of 1st period - Shot by Alex Iafallo.
19:16 of 1st period - Shot Blocked by Jujhar Khaira.
19:20 of 1st period - Shot by Tony DeAngelo.
19:20 of 1st period - Stopped by Laurent Brossoit without a rebound.
19:21 of 1st period - Marcus Johansson wins face-off versus Nathan MacKinnon in OTTAWA zone.
19:21 of 1st period - Marcus Johansson is hit by Brock McGinn.
19:46 of 1st period - Icing by Dmitry Kulikov.
19:47 of 1st period - Marcus Johansson wins face-off versus Phillip Danault in OTTAWA zone.
Goals for this period are 0 for OTTAWA vs 2 for MONTREAL.
Shots for this period are 3 for OTTAWA vs 18 for MONTREAL.

2nd period


0:01 of 2nd period - Nathan MacKinnon wins face-off versus Garnet Hathaway in neutral zone.
0:13 of 2nd period - Icing by Vincent Trocheck.
0:14 of 2nd period - Nathan MacKinnon wins face-off versus Oskar Sundqvist in MONTREAL zone.
0:27 of 2nd period - Conor Garland is hit by P.K. Subban and loses puck.
0:29 of 2nd period - Minor Penalty to P.K. Subban for High sticking.
0:30 of 2nd period - Marcus Johansson wins face-off versus Nathan MacKinnon in MONTREAL zone.
0:30 of 2nd period - Marcus Johansson is hit by Connor Murphy.
0:38 of 2nd period - Shot by Marcus Johansson.
0:38 of 2nd period - Deflect By Jordan Eberle.
0:38 of 2nd period - Shot Misses the Net.
0:52 of 2nd period - Shot by Vince Dunn.
0:52 of 2nd period - Shot Misses the Net.
0:54 of 2nd period - Shot by Jordan Eberle.
0:54 of 2nd period - Goal by Jordan Eberle - OTTAWA : 1 - MONTREAL : 2.
0:55 of 2nd period - Phillip Danault wins face-off versus Oskar Sundqvist in neutral zone.
1:08 of 2nd period - Shot by Roope Hintz.
1:08 of 2nd period - Deflect By Phillip Danault.
1:08 of 2nd period - Shot Blocked by Dmitry Kulikov.
1:18 of 2nd period - Shot by Roope Hintz.
1:18 of 2nd period - Shot Misses the Net.
1:22 of 2nd period - Shot by Phillip Danault.
1:22 of 2nd period - Goal by Phillip Danault - OTTAWA : 1 - MONTREAL : 3.
1:23 of 2nd period - Mark Jankowski wins face-off versus Yanni Gourde in neutral zone.
1:26 of 2nd period - Shot by Joel Armia.
1:26 of 2nd period - Shot Blocked by Ryan Suter.
2:00 of 2nd period - Shot by Jordan Eberle.
2:00 of 2nd period - Goal by Jordan Eberle - OTTAWA : 2 - MONTREAL : 3.
2:01 of 2nd period - Nathan MacKinnon wins face-off versus Marcus Johansson in neutral zone.
2:08 of 2nd period - Shot by Vincent Trocheck.
2:08 of 2nd period - Stopped by Laurent Brossoit without a rebound.
2:09 of 2nd period - Nathan MacKinnon wins face-off versus Nikita Gusev in OTTAWA zone.
2:41 of 2nd period - Vincent Trocheck is hit by Michal Kempny.
2:58 of 2nd period - Icing by Vince Dunn.
2:59 of 2nd period - Michael Rasmussen wins face-off versus Phillip Danault in OTTAWA zone.
3:25 of 2nd period - Shot by Phillip Danault.
3:25 of 2nd period - Stopped by Laurent Brossoit without a rebound.
3:26 of 2nd period - Oskar Sundqvist wins face-off versus Alex Iafallo in OTTAWA zone.
3:26 of 2nd period - Oskar Sundqvist is hit by Alex Iafallo.
4:16 of 2nd period - Icing by Mark Jankowski.
4:17 of 2nd period - Mark Jankowski wins face-off versus Garnet Hathaway in MONTREAL zone.
4:17 of 2nd period - Mark Jankowski is hit by Garnet Hathaway.
4:43 of 2nd period - Shot by Vincent Trocheck.
4:43 of 2nd period - Goal by Vincent Trocheck - OTTAWA : 2 - MONTREAL : 4.
4:44 of 2nd period - Marcus Johansson wins face-off versus Phillip Danault in neutral zone.
4:59 of 2nd period - Michal Kempny is hit by Connor Murphy and loses puck.
5:08 of 2nd period - Shot by Nino Niederreiter.
5:08 of 2nd period - Shot Blocked by Vince Dunn.
5:10 of 2nd period - Shot by Nino Niederreiter.
5:10 of 2nd period - Shot Misses the Net.
5:49 of 2nd period - Icing by Vince Dunn.
5:50 of 2nd period - Mark Jankowski wins face-off versus Marcus Johansson in OTTAWA zone.
5:59 of 2nd period - Shot by Joel Armia.
5:59 of 2nd period - Shot Misses the Net.
7:01 of 2nd period - Shot by Nathan MacKinnon.
7:01 of 2nd period - Shot Misses the Net.
7:03 of 2nd period - Shot by Max Pacioretty.
7:03 of 2nd period - Shot Misses the Net.
7:07 of 2nd period - Shot by Nathan MacKinnon.
7:07 of 2nd period - Stopped by Laurent Brossoit with a rebound.
7:21 of 2nd period - Shot by Nathan MacKinnon.
7:21 of 2nd period - Stopped by Laurent Brossoit without a rebound.
7:22 of 2nd period - Phillip Danault wins face-off versus Garnet Hathaway in OTTAWA zone.
7:22 of 2nd period - Phillip Danault is hit by Mark Borowiecki.
7:57 of 2nd period - Shot by Yanni Gourde.
7:57 of 2nd period - Stopped by Robin Lehner with a rebound.
7:59 of 2nd period - Shot by Mark Borowiecki.
7:59 of 2nd period - Deflect By Jordan Eberle.
7:59 of 2nd period - Stopped by Robin Lehner without a rebound.
8:00 of 2nd period - Nathan MacKinnon wins face-off versus Oskar Sundqvist in MONTREAL zone.
8:07 of 2nd period - Shot by Nathan Beaulieu.
8:07 of 2nd period - Shot Misses the Net.
8:09 of 2nd period - Shot by Michael Grabner.
8:09 of 2nd period - Deflect By Nathan MacKinnon.
8:09 of 2nd period - Shot Misses the Net.
8:11 of 2nd period - Shot by Nathan MacKinnon.
8:11 of 2nd period - Shot Blocked by Greg Pateryn.
8:13 of 2nd period - Shot by Tony DeAngelo.
8:13 of 2nd period - Goal by Tony DeAngelo - OTTAWA : 2 - MONTREAL : 5.
8:14 of 2nd period - Mark Jankowski wins face-off versus Michael Rasmussen in neutral zone.
8:27 of 2nd period - Shot by Dmitry Kulikov.
8:27 of 2nd period - Shot Blocked by P.K. Subban.
8:40 of 2nd period - Shot by Nikita Gusev.
8:40 of 2nd period - Deflect By Michael Rasmussen.
8:40 of 2nd period - Shot Misses the Net.
9:03 of 2nd period - Oskar Sundqvist is hit by Alex Iafallo.
9:25 of 2nd period - Shot by Max Pacioretty.
9:25 of 2nd period - Goal by Max Pacioretty - OTTAWA : 2 - MONTREAL : 6.
9:26 of 2nd period - Garnet Hathaway wins face-off versus Phillip Danault in neutral zone.
9:49 of 2nd period - Shot by Phillip Danault.
9:49 of 2nd period - Deflect By Roope Hintz.
9:49 of 2nd period - Stopped by Laurent Brossoit without a rebound.
9:50 of 2nd period - Nathan MacKinnon wins face-off versus Michael Rasmussen in OTTAWA zone.
9:50 of 2nd period - Vincent Trocheck is hit by Dmitry Kulikov and loses puck.
10:01 of 2nd period - Shot by Nikita Gusev.
10:01 of 2nd period - Stopped by Robin Lehner without a rebound.
10:02 of 2nd period - Nathan MacKinnon wins face-off versus Oskar Sundqvist in MONTREAL zone.
10:39 of 2nd period - Off-side.
10:40 of 2nd period - Phillip Danault wins face-off versus Garnet Hathaway in neutral zone.
11:15 of 2nd period - Shot by Yanni Gourde.
11:15 of 2nd period - Shot Misses the Net.
11:17 of 2nd period - Shot by Jordan Eberle.
11:17 of 2nd period - Shot Blocked by P.K. Subban.
11:19 of 2nd period - Shot by Ryan Suter.
11:19 of 2nd period - Stopped by Robin Lehner without a rebound.
11:20 of 2nd period - Nathan MacKinnon wins face-off versus Marcus Johansson in MONTREAL zone.
11:56 of 2nd period - Kyle Okposo is hit by Connor Murphy and loses puck.
12:25 of 2nd period - Shot by Conor Garland.
12:25 of 2nd period - Shot Misses the Net.
12:53 of 2nd period - Ryan Suter is hit by Vincent Trocheck and loses puck.
13:02 of 2nd period - Nathan MacKinnon is hit by Garnet Hathaway and loses puck.
13:37 of 2nd period - Shot by Phillip Danault.
13:37 of 2nd period - Deflect By Nino Niederreiter.
13:37 of 2nd period - Shot Misses the Net.
13:46 of 2nd period - P.K. Subban beats up Jujhar Khaira.
13:46 of 2nd period - Penalty to P.K. Subban for Fighting.
13:46 of 2nd period - Penalty to Jujhar Khaira for Fighting.
13:47 of 2nd period - Mark Jankowski wins face-off versus Michael Raffl in MONTREAL zone.
14:39 of 2nd period - Icing by Michal Kempny.
14:40 of 2nd period - Conor Garland wins face-off versus Phillip Danault in OTTAWA zone.
14:52 of 2nd period - Icing by Kiefer Sherwood.
14:53 of 2nd period - Phillip Danault wins face-off versus Garnet Hathaway in MONTREAL zone.
15:29 of 2nd period - Shot by Jordan Eberle.
15:29 of 2nd period - Stopped by Robin Lehner without a rebound.
15:30 of 2nd period - Nathan MacKinnon wins face-off versus Oskar Sundqvist in MONTREAL zone.
16:35 of 2nd period - Vince Dunn is hit by Connor Murphy and loses puck.
17:44 of 2nd period - Keith Yandle is hit by Garnet Hathaway.
18:01 of 2nd period - Off-side.
18:02 of 2nd period - Michael Rasmussen wins face-off versus Mark Jankowski in neutral zone.
18:20 of 2nd period - Icing by Mark Jankowski.
18:21 of 2nd period - Michael Rasmussen wins face-off versus Joel Armia in MONTREAL zone.
18:24 of 2nd period - Shot by Nikita Gusev.
18:24 of 2nd period - Stopped by Robin Lehner without a rebound.
18:25 of 2nd period - Garnet Hathaway wins face-off versus Phillip Danault in MONTREAL zone.
18:48 of 2nd period - Shot by Vince Dunn.
18:48 of 2nd period - Shot Misses the Net.
19:17 of 2nd period - Icing by Connor Murphy.
19:18 of 2nd period - Nathan MacKinnon wins face-off versus Oskar Sundqvist in MONTREAL zone.
19:50 of 2nd period - Icing by Mark Borowiecki.
19:51 of 2nd period - Mark Jankowski wins face-off versus Oskar Sundqvist in OTTAWA zone.
19:58 of 2nd period - Shot by Joel Armia.
19:58 of 2nd period - Stopped by Laurent Brossoit without a rebound.
19:59 of 2nd period - Phillip Danault wins face-off versus Marcus Johansson in OTTAWA zone.
Goals for this period are 2 for OTTAWA vs 4 for MONTREAL.
Shots for this period are 8 for OTTAWA vs 10 for MONTREAL.

3rd period


0:01 of 3rd period - Garnet Hathaway wins face-off versus Nathan MacKinnon in neutral zone.
0:05 of 3rd period - Minor Penalty to Vincent Trocheck for Boarding.
0:06 of 3rd period - Marcus Johansson wins face-off versus Nathan MacKinnon in MONTREAL zone.
0:06 of 3rd period - Jordan Eberle is hit by P.K. Subban and loses puck.
0:33 of 3rd period - Vince Dunn is hit by Max Pacioretty and loses puck.
1:56 of 3rd period - Off-side.
1:57 of 3rd period - Nathan MacKinnon wins face-off versus Oskar Sundqvist in neutral zone.
3:32 of 3rd period - Dmitry Kulikov is hit by Adam Larsson and loses puck.
3:39 of 3rd period - Nikita Gusev is hit by Roope Hintz and loses puck.
4:04 of 3rd period - Shot by Max Pacioretty.
4:04 of 3rd period - Shot Misses the Net.
5:06 of 3rd period - Shot by Jordan Eberle.
5:06 of 3rd period - Stopped by Robin Lehner without a rebound.
5:07 of 3rd period - Brock McGinn wins face-off versus Marcus Johansson in MONTREAL zone.
5:16 of 3rd period - Shot by Michael Grabner.
5:16 of 3rd period - Deflect By Nathan MacKinnon.
5:16 of 3rd period - Stopped by Laurent Brossoit without a rebound.
5:17 of 3rd period - Phillip Danault wins face-off versus Garnet Hathaway in OTTAWA zone.
6:05 of 3rd period - Jordan Eberle is hit by Tony DeAngelo and loses puck.
6:28 of 3rd period - Shot by Joel Armia.
6:28 of 3rd period - Stopped by Laurent Brossoit without a rebound.
6:29 of 3rd period - Oskar Sundqvist wins face-off versus Nathan MacKinnon in OTTAWA zone.
6:34 of 3rd period - Shot by Oskar Sundqvist.
6:34 of 3rd period - Stopped by Robin Lehner with a rebound.
6:36 of 3rd period - Shot by Conor Garland.
6:36 of 3rd period - Stopped by Robin Lehner without a rebound.
6:37 of 3rd period - Marcus Johansson wins face-off versus Nathan MacKinnon in MONTREAL zone.
6:41 of 3rd period - Michael Raffl is hit by P.K. Subban and loses puck.
6:44 of 3rd period - Shot by Michael Raffl.
6:44 of 3rd period - Shot Misses the Net.
6:46 of 3rd period - Shot by Ryan Suter.
6:46 of 3rd period - Shot Blocked by P.K. Subban.
6:48 of 3rd period - Shot by Michael Raffl.
6:48 of 3rd period - Shot Misses the Net.
6:51 of 3rd period - Michael Raffl is hit by P.K. Subban and loses puck.
7:09 of 3rd period - Shot by Michael Raffl.
7:09 of 3rd period - Stopped by Robin Lehner without a rebound.
7:10 of 3rd period - Phillip Danault wins face-off versus Oskar Sundqvist in MONTREAL zone.
7:10 of 3rd period - Phillip Danault is hit by Oskar Sundqvist.
7:27 of 3rd period - Icing by Adam Larsson.
7:28 of 3rd period - Jujhar Khaira wins face-off versus Phillip Danault in MONTREAL zone.
8:25 of 3rd period - Off-side.
8:26 of 3rd period - Garnet Hathaway wins face-off versus Max Pacioretty in neutral zone.
8:35 of 3rd period - Icing by Keith Yandle.
8:36 of 3rd period - Nathan MacKinnon wins face-off versus Conor Garland in MONTREAL zone.
9:31 of 3rd period - Icing by P.K. Subban.
9:32 of 3rd period - Nathan MacKinnon wins face-off versus Marcus Johansson in MONTREAL zone.
10:39 of 3rd period - Shot by Yanni Gourde.
10:39 of 3rd period - Stopped by Robin Lehner without a rebound.
10:40 of 3rd period - Oskar Sundqvist wins face-off versus Phillip Danault in MONTREAL zone.
10:40 of 3rd period - Dmitry Kulikov is hit by Connor Murphy and loses puck.
11:09 of 3rd period - Shot by Conor Garland.
11:09 of 3rd period - Shot Misses the Net.
11:11 of 3rd period - Shot by Greg Pateryn.
11:11 of 3rd period - Goal by Greg Pateryn - OTTAWA : 3 - MONTREAL : 6.
11:12 of 3rd period - Garnet Hathaway wins face-off versus Nathan MacKinnon in neutral zone.
11:14 of 3rd period - Vince Dunn is hit by P.K. Subban and loses puck.
11:37 of 3rd period - Shot by Nathan MacKinnon.
11:37 of 3rd period - Stopped by Laurent Brossoit without a rebound.
11:38 of 3rd period - Marcus Johansson wins face-off versus Phillip Danault in OTTAWA zone.
12:13 of 3rd period - Icing by Connor Murphy.
12:14 of 3rd period - Roope Hintz wins face-off versus Garnet Hathaway in MONTREAL zone.
12:29 of 3rd period - Connor Murphy is hit by Garnet Hathaway and loses puck.
13:18 of 3rd period - Shot by Conor Garland.
13:18 of 3rd period - Stopped by Robin Lehner without a rebound.
13:19 of 3rd period - Nathan MacKinnon wins face-off versus Marcus Johansson in MONTREAL zone.
13:19 of 3rd period - Nathan MacKinnon is hit by Michael Raffl.
13:30 of 3rd period - Icing by Michael Raffl.
13:31 of 3rd period - Marcus Johansson wins face-off versus Mark Jankowski in OTTAWA zone.
13:53 of 3rd period - Tony DeAngelo is hit by Mark Borowiecki.
14:00 of 3rd period - Ryan Suter is hit by Tony DeAngelo and loses puck.
14:12 of 3rd period - Off-side.
14:13 of 3rd period - Nathan MacKinnon wins face-off versus Garnet Hathaway in neutral zone.
16:22 of 3rd period - Off-side.
16:23 of 3rd period - Marcus Johansson wins face-off versus Phillip Danault in neutral zone.
16:23 of 3rd period - Vince Dunn is hit by Phillip Danault and loses puck.
16:52 of 3rd period - Michal Kempny is hit by Phillip Danault and loses puck.
19:29 of 3rd period - Shot by Michael Grabner.
19:29 of 3rd period - Stopped by Laurent Brossoit without a rebound.
19:30 of 3rd period - Mark Jankowski wins face-off versus Michael Rasmussen in OTTAWA zone.
19:37 of 3rd period - Mark Jankowski is hit by Michael Rasmussen and loses puck.
19:42 of 3rd period - Shot by Nikita Gusev.
19:42 of 3rd period - Stopped by Robin Lehner without a rebound.
19:43 of 3rd period - Nathan MacKinnon wins face-off versus Andreas Johnsson in MONTREAL zone.
19:52 of 3rd period - Shot by Nathan MacKinnon.
19:52 of 3rd period - Shot Misses the Net.
Goals for this period are 1 for OTTAWA vs 0 for MONTREAL.
Shots for this period are 8 for OTTAWA vs 4 for MONTREAL.